 Dungeon Sprint DCSS version 0.30-a0-58-gc0703345a7 (webtiles) character file.

Game seed: 3619595071359375870

1304 lesbiats the Nimble (level 8, 0/88 HPs)
             Began as an Ogre Gladiator on Sept 11, 2022.
             Was an Initiate of Jiyva.
             Slain by a six-headed hydra (6 damage)
             ... in the Dungeon (Sprint IX: "|||||||||||||||||||||||||||||").
             The game lasted 00:03:36 (508 turns).

lesbiats the Nimble (Ogre Gladiator)                 Turns: 508, Time: 00:03:37

Health: 0/88       AC: 10    Str: 24    XL:     8   Next: 57%
Magic:  8/8        EV: 13    Int: 11    God:    Jiyva [......]
Gold:   0          SH:  0    Dex: 10    Spells: 7/7 levels left

rFire   . . .      SeeInvis .    o - +2 dire flail "Bodeosmaga" {speed, +Blink rC+ Int+2}
rCold   + . .      Faith    .    (shield currently unavailable)
rNeg    . . .      Spirit   .    s - +0 acid dragon scales
rPois   .          Reflect  .    c - +0 hat
rElec   .          Harm     .    p - +0 cloak
rCorr   +          Rampage  .    (gloves unavailable)
Will    .....      NoTele   +    (boots unavailable)
Stlth   ++........               (no amulet)
HPRegen 0.24/turn                q - +3 ring of strength
MPRegen 0.11/turn                r - +2 ring of protection

@: no status effects
A: large, unfitting armour, tough skin 1
a: Renounce Religion, Evoke Blink


You were in the Dungeon.
You worshipped Jiyva.
Jiyva was noncommittal.
You visited 1 branch

Inventory:

Hand Weapons
 a - a +0 flail
 o - the +2 dire flail "Bodeosmaga" (weapon) {speed, +Blink rC+ Int+2}
   (You found it in the Dungeon)

   Attacks with this weapon are significantly faster.
   Int:       It affects your intelligence (+2).
   rC:        It protects you from cold.
   +Blink:    It lets you blink.
Missiles
 d - 2 throwing nets (quivered)
 e - a large rock
 j - 2 boomerangs
Armour
 b - a +0 robe
 c - a +0 hat (worn)
 p - a +0 cloak (worn)
 s - +0 acid dragon scales (worn)
Jewellery
 q - a +3 ring of strength (left hand)
 r - a +2 ring of protection (right hand)
Wands
 n - a wand of roots (10)
Scrolls
 k - 2 scrolls of blinking
 m - 2 scrolls of amnesia
Potions
 f - 4 potions of curing
 g - a potion of invisibility
 h - a potion of haste
 i - 4 potions of magic
 l - a potion of heal wounds


   Skills:
 + Level 8.1 Fighting
 + Level 11.3 Maces & Flails
 - Level 2.0 Throwing
 + Level 1.4 Armour
 * Level 11.6 Dodging
 + Level 2.5 Stealth


You had 7 spell levels left.
You didn't know any spells.
Your spell library was empty.

Dungeon Overview and Level Annotations

Branches:
Dungeon (1/1)

Altars:
Cheibriados
Dithmenos
Elyvilon
Fedhas
Gozag
Hepliaklqana
Kikubaaqudgha
Makhleb
Nemelex Xobeh
Okawaru
Qazlal
Ru
Sif Muna
Trog
Uskayaw
Vehumet
Wu Jian
Xom
Yredelemnul
Zin
The Shining One
Jiyva
Lugonu


Innate Abilities, Weirdness & Mutations

You are too large for most types of armour.
You have tough skin. (AC +1)


Message History

The six-headed hydra is heavily wounded.
The six-headed hydra closely misses you.
The six-headed hydra bites you! The six-headed hydra barely misses you.
The six-headed hydra bites you but does no damage.
The six-headed hydra closely misses you. x2
You puncture the six-headed hydra!
The six-headed hydra is heavily wounded.
You barely miss the six-headed hydra.
The six-headed hydra is heavily wounded.
The six-headed hydra barely misses you.
The six-headed hydra closely misses you.
The six-headed hydra misses you. The six-headed hydra barely misses you.
The six-headed hydra bites you but does no damage.
The six-headed hydra bites you!
* * * LOW HITPOINT WARNING * * *
You feel better.
You hear a distant slurping noise.
The six-headed hydra bites you but does no damage.
The six-headed hydra bites you.
The six-headed hydra closely misses you.
The six-headed hydra bites you.
* * * LOW HITPOINT WARNING * * *
The six-headed hydra bites you.
* * * LOW HITPOINT WARNING * * *
The six-headed hydra bites you!
* * * LOW HITPOINT WARNING * * *
Okay, then.
You fail to use your ability.
The vampire gestures wildly while chanting.
The vampire flickers and vanishes!
You hear a distant slurping noise.
You hear a squelching noise.
The six-headed hydra barely misses you.
The six-headed hydra bites you but does no damage. x2
The six-headed hydra misses you.
The six-headed hydra bites you but does no damage.
The six-headed hydra bites you.
* * * LOW HITPOINT WARNING * * *
The six-headed hydra attacks as you move away!
The six-headed hydra bites you.
You die...

▓+▓
▓.▓
▓{▓
▓{▓
▓c▓
▓l▓
▓D▓
▓@▓
▓.▓
▓.▓
▓.▓
▓.▓
▓)▓
▓)▓
▓'▓
▓.▓


You could see a six-headed hydra, a basilisk and a centaur.

Vanquished Creatures
  A centaur warrior (D)
  A hornet (D)
  A shadow (D)
  An acid dragon (D)
  An orc warrior (D)
  A centaur (D)
  A necrophage (D)
  A jelly (D)
  An orc priest (D)
  An iguana (D)
  A shadow imp (D)
  A ball python (D)
  2 bats (D)
  A giant cockroach (D)
  A hobgoblin (D)
  A quokka (D)
17 creatures vanquished.

Vanquished Creatures (others)
  2 great orbs of eyes (D)
  A black bear (shapeshifter) (D)
  A jelly (D)
4 creatures vanquished.

Grand Total: 21 creatures vanquished

Notes
Turn   | Place    | Note
-------+----------+-------------------------------------------
     0 | D        | lesbiats the Ogre Gladiator began the quest for the Orb.
     0 | D        | Reached XP level 1. HP: 22/22 MP: 1/1
    19 | D        | Reached XP level 2. HP: 27/31 MP: 2/2
    55 | D        | Noticed a necrophage
    74 | D        | Killed a necrophage
    75 | D        | Reached XP level 3. HP: 26/37 MP: 3/3
    75 | D        | Reached XP level 4. HP: 33/46 MP: 4/4
    98 | D        | Reached skill level 5 in Maces & Flails
   103 | D        | Reached XP level 5. HP: 9/54 MP: 5/5
   359 | D        | Found a snail-covered altar of Cheibriados.
   359 | D        | Found a shadowy altar of Dithmenos.
   359 | D        | Found a white marble altar of Elyvilon.
   359 | D        | Found a blossoming altar of Fedhas.
   359 | D        | Found an opulent altar of Gozag.
   360 | D        | Found a hazy altar of Hepliaklqana.
   361 | D        | Found a viscous altar of Jiyva.
   362 | D        | Found an ancient bone altar of Kikubaaqudgha.
   363 | D        | Found a corrupted altar of Lugonu.
   364 | D        | Found a burning altar of Makhleb.
   365 | D        | Found a sparkling altar of Nemelex Xobeh.
   366 | D        | Found an iron altar of Okawaru.
   367 | D        | Found a stormy altar of Qazlal.
   368 | D        | Found a sacrificial altar of Ru.
   369 | D        | Became a worshipper of Jiyva Jerurrif the Shapeless
   370 | D        | Found a shimmering blue altar of Sif Muna.
   371 | D        | Found a bloodstained altar of Trog.
   371 | D        | Killed a great orb of eyes
   372 | D        | Found a hide-covered altar of Uskayaw.
   373 | D        | Found a radiant altar of Vehumet.
   373 | D        | Killed a great orb of eyes
   374 | D        | Found an ornate altar of the Wu Jian Council.
   375 | D        | Found a shimmering altar of Xom.
   376 | D        | Found a basalt altar of Yredelemnul.
   377 | D        | Found a glowing silver altar of Zin.
   378 | D        | Found a glowing golden altar of the Shining One.
   386 | D        | Killed a black bear
   394 | D        | Got the +2 dire flail "Bodeosmaga" {speed, +Blink rC+
                  | Int+2}
   412 | D        | Noticed an acid dragon
   412 | D        | Noticed a hornet
   412 | D        | Noticed an orc warrior
   412 | D        | Noticed a centaur
   412 | D        | Noticed a shadow
   414 | D        | Killed a shadow
   415 | D        | Reached skill level 1 in Stealth
   415 | D        | Reached XP level 6. HP: 65/65 MP: 6/6
   418 | D        | Reached skill level 5 in Fighting
   425 | D        | Killed an orc warrior
   434 | D        | Killed a hornet
   435 | D        | Reached skill level 10 in Dodging
   435 | D        | Reached XP level 7. HP: 76/76 MP: 7/7
   487 | D        | Noticed a vampire
   487 | D        | Noticed a six-headed hydra
   487 | D        | Noticed a basilisk
   487 | D        | Noticed a centaur warrior
   501 | D        | Killed a centaur warrior
   502 | D        | Reached skill level 1 in Armour
   502 | D        | Reached XP level 8. HP: 47/88 MP: 8/8
   508 | D        | Slain by a six-headed hydra

Illustrated notes

Levels and vault maps discovered:
D:        linesprint [early_d, line_temple, items_1, d_10, items_2, lair_1,
          lair_end, items_3, orc_1, orc_end, items_4, d_15, swamp_1, shoals_1,
          snake_1, spider_1, d_20, vaults_1, items_5, swamp_end, shoals_end,
          snake_end, spider_end, vaults_end, d_27, items_6, zot_1, zot_end,
          crypt_end, forest_end, elf_end, slime_end, tomb_end, abyss_end,
          pan_hell_end]

Skill      XL: |  1  2  3  4  5  6  7 |
---------------+----------------------+-----
Dodging        | 3 6 7 8 10 11 | 11.6
Maces & Flails | 3 4 5 7 9 11 | 11.3
Fighting       | 3 4 6 8 |  8.1
Stealth        | 1 2 |  2.5
Armour         | 1 |  1.4
Throwing       | |  2.0

Action                   |  1- 3 |  4- 6 |  7- 9 || total
-------------------------+-------+-------+-------++-------
Melee: Flail             |    26 |    28 |       ||    54
       Punch             |       |     1 |       ||     1
       Dire flail        |       |    19 |    18 ||    37
Throw: Throwing net      |     1 |       |       ||     1
  Use: Potion            |     1 |     1 |     2 ||     4
 Stab: Sleeping          |     1 |       |       ||     1
Armor: Robe              |    10 |     7 |       ||    17
       Acid dragon scale |       |       |    17 ||    17
Dodge: Dodged            |    21 |    24 |    15 ||    60

Table legend: (Time is in decaauts)
 A = Elapsed time spent in this place.
 B = Non-inter-level travel time spent in this place.
 C = Inter-level travel time spent in this place.
 D = Time resting spent in this place.
 E = Time spent auto-exploring this place.
 F = Levels seen in this place.
 G = Mean time per level.
                   A        B        C        D        E       F      G
               +--------+--------+--------+--------+--------+-----+--------+
         Total |    514 |    514 |      0 |    328 |      0 |   1 |  514.0 |
       Dungeon |    514 |    514 |      0 |    328 |      0 |   1 |  514.0 |
               +--------+--------+--------+--------+--------+-----+--------+

Top non-repeatable levels by time:
       D: 514 daAuts
